 Dungeon Crawl Stone Soup version 0.31-a0-1178-gc5c9b8f871 (webtiles) character file.

Game seed: 7658718581871932500

16697 qw the Skirmisher (level 12, -13/77 HPs)
             Began as a Gargoyle Hunter on Dec 11, 2023.
             Was the Champion of Okawaru.
             Killed from afar by an oklob plant (22 damage)
             ... with a splash of acid
             ... on level 2 of the Lair of Beasts.
             The game lasted 00:06:48 (11423 turns).

qw the Skirmisher (Gargoyle Hunter)                Turns: 11423, Time: 00:06:49

Health: -13/77     AC: 23    Str: 16    XL:     12   Next: 40%
Magic:  19/19      EV: 14    Int: 14    God:    Okawaru [******]
Gold:   649        SH:  0    Dex: 23    Spells: 11/11 levels left

rFire   . . .        A - +2 longbow (freeze)
rCold   + . .        (shield currently unavailable)
rNeg    + . .        m - +8 ring mail of Temperance {Int+4}
rPois   inf          g - +2 hat {Will+}
rElec   +            (no cloak)
rCorr   .            f - +2 pair of gloves
SInv    .            (no boots)
Will    +....        n - amulet of the acrobat
Stlth   ++           t - +6 ring of dexterity
HPRegen 0.32/turn    e - ring of protection from cold
MPRegen 0.16/turn

%: acrobat
@: corroded
A: sickness immunity, AC +8, negative energy resistance 1, electricity
resistance, torment resistance 1, petrification resistance
a: Renounce Religion, Heroism, Finesse, Duel


You were on level 2 of the Lair of Beasts.
You worshipped Okawaru.
Okawaru was exalted by your worship.
You visited 3 branches of the dungeon, and saw 12 of its levels.

You collected 705 gold pieces.
You spent 56 gold pieces at shops.


Innate Abilities, Weirdness & Mutations

You are immune to sickness and miasma.
Your stone body is resilient. (AC +8)
You are immune to poison.
You resist negative energy. (rN+)
You are resistant to electric shocks. (rElec)
You are resistant to unholy torment.
You are immune to petrification.


   Skills:
 - Level 10.0 Fighting
 + Level 14.3 Ranged Weapons
 - Level 4.1 Armour
 - Level 5.0 Dodging
 - Level 1.1 Stealth
 - Level 10.0 Invocations


You had 11 spell levels left.
You didn't know any spells.
Your spell library was empty.

Inventory:

Hand Weapons
 A - a +2 longbow of freezing (weapon)
Armour
 f - a +2 pair of gloves (worn)
 g - a +2 hat of willpower (worn)
 m - the +8 ring mail of Temperance (worn) {Int+4}
   (You found it on level 4 of the Dungeon)

   Int+4:     It affects your intelligence (+4).
 y - the +1 cloak of the Snake Pit {rF+ Str+3 Int+2}
   (You found it on level 2 of the Lair of Beasts)

   Str+3:     It affects your strength (+3).
   Int+2:     It affects your intelligence (+2).
   rF+:       It protects you from fire.
Jewellery
 e - a ring of protection from cold (right hand)
 n - an amulet of the acrobat (around neck)
 r - a +6 ring of strength
 t - a +6 ring of dexterity (left hand)
 Y - a ring of willpower
Wands
 d - a wand of acid (7)
 j - a wand of digging (6)
 k - a wand of polymorph (6)
 l - a wand of paralysis (4)
 x - a wand of mindburst (9)
Scrolls
 c - a scroll of enchant armour
 i - 2 scrolls of identify
 w - a scroll of teleportation
Potions
 b - 5 potions of haste
 h - 4 potions of curing
 o - 2 potions of might
 p - a potion of magic
 q - 3 potions of enlightenment
 s - 4 potions of heal wounds
 v - 2 potions of mutation
 z - a potion of brilliance {unknown}

Dungeon Overview and Level Annotations

Branches:
Dungeon (9/15)             Temple (1/1) D:5            Lair (2/5) D:9
  Swamp (0/4) Lair:2
  Snake: Lair:2-3    Spider: Lair:2-3       Orc: D:9-12

Altars:
Ashenzari
Cheibriados
Dithmenos
Elyvilon
Fedhas
Gozag
Hepliaklqana
Kikubaaqudgha
Makhleb
Nemelex Xobeh
Okawaru
Qazlal
Ru
Sif Muna
Trog
Uskayaw
Vehumet
Wu Jian
Xom
Yredelemnul
Zin
The Shining One

Shops:
D:1 [[:[[

Annotations:
D:6 1 runed translucent door, qw's ghost, novice GrHu
Lair:2 exclusion: 2 oklob plants


Message History

Enter note:
Enter note:
Enter note:
Enter note:
Enter note:
Enter note:
Enter note:
Enter note:
Enter note:
Enter note:
Enter note:
Enter note:
Enter note:
Enter note:
Enter note:
Enter note:
Enter note:
Enter note:
Enter note:
Enter note:
Enter note:
Enter note:
Enter note:
Enter note:
Enter note:
Enter note:
Enter note:
Enter note:
11419 ||| UPGRADING to +1 cloak of the Snake Pit {rF+ Str+3 Int+2}.
The oklob plant spits acid at you.
The splash of acid hits you but does no damage.
The acid corrodes you!
You start putting on your armour.
You continue putting on the +1 cloak of the Snake Pit {rF+ Str+3 Int+2}. x2
The oklob plant spits acid at you. The splash of acid hits you!!
You continue putting on the +1 cloak of the Snake Pit {rF+ Str+3 Int+2}. x2
The oklob plant spits acid at you. The splash of acid hits you!!
You die...

#%[..%.... ##
####(#....... #.#
##.####.......
.#.########%#%.##..%..?.
........................
........................
........................
[................?......
.......@................
#.....#.................
#..[.?#.................
#$.P. #P#.###.P#.###....
#.P ##### ###### ... #?
#


You could see 2 oklob plants.

Vanquished Creatures
  Gastronok (Lair:2)
  An eleionoma (Lair:2)
  A two-headed ogre (D:8)
  A tengu warrior (D:8)
  2 skysharks
  A black mamba (Lair:2)
  3 cane toads
  3 komodo dragons
  A troll (D:8)
  A polar bear (Lair:2)
  A hornet (D:7)
  9 blink frogs
  A spriggan (D:9)
  14 yaks
  A wyvern (D:9)
  2 basilisks (Lair:2)
  A wraith (D:9)
  A steam dragon (D:7)
  An acid dragon (D:9)
  4 water moccasins
  2 black bears (Lair:1)
  5 ice beasts
  2 orc warriors
  3 sky beasts
  12 wolves (Lair:2)
  6 centaurs
  10 bullfrogs
  2 scorpions (D:5)
  15 killer bees
  7 electric eels
  3 howler monkeys (D:8)
  A hound (D:5)
  A jelly (D:6)
  6 orc priests
  A gnoll bouda (D:5)
  A sleepcap (D:7)
  3 iguanas (D:5)
  7 orc wizards
  7 gnolls
  9 adders
  2 ufetubi (D:5)
  2 worms (D:4)
  3 dart slugs
  25 orcs
  4 bats
  6 endoplasms
  A giant cockroach (D:2)
  5 goblins
  8 hobgoblins
  10 jackals
  6 kobolds
  3 quokkas
  8 ball pythons
  A rat (D:1)
237 creatures vanquished.

Vanquished Creatures (others)
  An arcanist (D:4)
1 creature vanquished.

Grand Total: 238 creatures vanquished

Notes
Turn   | Place    | Note
-------+----------+-------------------------------------------
     0 | D:1      | qw the Gargoyle Hunter began the quest for the Orb.
     0 | D:1      | Reached XP level 1. HP: 12/12 MP: 1/1
     0 | D:1      | 0 ||| qw: Version: 0.3-a-106-g2cfff9e
     0 | D:1      | 0 ||| qw: Game counter: 2047
     0 | D:1      | 0 ||| qw: Melee chars always use a shield: true
     0 | D:1      | 0 ||| qw: God list: Okawaru
     0 | D:1      | 0 ||| qw: Allow faded altars: false
     0 | D:1      | 0 ||| qw: Do Orc after clearing Dungeon:15 true
     0 | D:1      | 0 ||| qw: Do second Lair branch before Depths: true
     0 | D:1      | 0 ||| qw: Lair rune preference: random
     0 | D:1      | 0 ||| qw: Goals: Normal, Save, Zot:1-4, Win
     0 | D:1      | 0 ||| PLANNING D:1-11
    17 | D:1      | 17 ||| DROPPING scroll of butterflies.
   108 | D:1      | Reached XP level 2. HP: 17/17 MP: 2/2
   227 | D:1      | 227 ||| UPGRADING to ring of positive energy.
   228 | D:1      | Found Neshun's Book Shoppe.
   260 | D:1      | Found Piuxuerru's Antique Armour Emporium.
   269 | D:1      | 269 ||| SHOPLISTING glowing swamp dragon scales (1272 gold,
                  | have 57).
   269 | D:1      | 269 ||| SHOPLISTING runed robe (88 gold, have 57).
   269 | D:1      | 269 ||| SHOPLISTING slimy leather armour (168 gold, have
                  | 57).
   309 | D:1      | Found Xassesk's Armour Emporium.
   317 | D:1      | 317 ||| BUYING +0 ring mail (56 gold).
   317 | D:1      | Bought a +0 ring mail for 56 gold pieces
   392 | D:1      | Found Douq Kui's Armour Shoppe.
   394 | D:1      | Found Wohuru's Armour Shoppe.
   404 | D:1      | 404 ||| SHOPLISTING +0 leather armour of fire resistance
                  | (117 gold, have 1).
   404 | D:1      | 404 ||| SHOPLISTING +0 pair of gloves (58 gold, have 1).
   404 | D:1      | 404 ||| SHOPLISTING +0 ring mail of cold resistance (143
                  | gold, have 1).
   404 | D:1      | 404 ||| SHOPLISTING +2 robe of fire resistance (230 gold,
                  | have 1).
   416 | D:1      | 416 ||| SHOPLISTING +0 pair of gloves (63 gold, have 14).
   416 | D:1      | 416 ||| SHOPLISTING +3 leather armour of poison resistance
                  | (294 gold, have 14).
   444 | D:1      | 444 ||| UPGRADING to +0 ring mail.
   454 | D:1      | 454 ||| DROPPING +0 leather armour.
   455 | D:1      | 455 ||| UPGRADING to ring of protection from cold.
   456 | D:1      | 456 ||| UPGRADING to ring of willpower.
   458 | D:1      | 458 ||| READING scroll labelled XEHUWKIAFU.
   458 | D:1      | 458 ||| IDENTIFYING metallic sapphire potion
   459 | D:1      | 459 ||| READING scroll labelled OTINEZ GATIACO.
   652 | D:2      | Reached skill level 1 in Armour
   655 | D:2      | Reached XP level 3. HP: 21/21 MP: 3/3
   734 | D:2      | Reached skill level 5 in Ranged Weapons
  1096 | D:2      | 1096 ||| READING scroll labelled HERO UHAILU.
  1197 | D:2      | 1197 ||| DRINKING 2 viscous golden potions.
  1198 | D:2      | 1198 ||| DROPPING potion of attraction.
  1264 | D:3      | Reached XP level 4. HP: 26/27 MP: 4/4
  1331 | D:3      | Reached skill level 3 in Fighting
  1773 | D:3      | HP: 6/28 [orc priest/+0 short sword (4)]
  1774 | D:3      | 1774 ||| DRINKING sedimented emerald potion.
  1775 | D:3      | 1775 ||| DRINKING blue potion.
  1776 | D:3      | 1776 ||| DRINKING fuming orange potion.
  1784 | D:3      | 1784 ||| FLEEEEING.
  1784 | D:3      | HP: 5/28 [orc wizard/magic dart (4)]
  1785 | D:3      | 1785 ||| DRINKING sedimented silvery potion.
  1794 | D:3      | Reached XP level 5. HP: 21/32 MP: 5/5
  2179 | D:3      | 2179 ||| READING scroll of identify.
  2179 | D:3      | 2179 ||| IDENTIFYING 2 scrolls labelled AHOIVVENEMM
  2195 | D:4      | Found a shadowy altar of Dithmenos.
  2246 | D:4      | Reached skill level 6 in Ranged Weapons
  2400 | D:4      | Found a glowing silver altar of Zin.
  2400 | D:4      | Noticed an angel
  2596 | D:4      | Found a glowing golden altar of the Shining One.
  2600 | D:4      | Found a stormy altar of Qazlal.
  2604 | D:4      | Found a sacrificial altar of Ru.
  2630 | D:4      | Identified the +8 ring mail of Temperance {Int+4}
  2685 | D:4      | Found a bloodstained altar of Trog.
  2688 | D:4      | Noticed an arcanist
  2694 | D:4      | Killed an arcanist
  2808 | D:4      | Found a radiant altar of Vehumet.
  2829 | D:4      | Found a blossoming altar of Fedhas.
  2988 | D:4      | 2988 ||| UPGRADING to +8 ring mail of Temperance {Int+4}.
  2998 | D:4      | 2998 ||| DROPPING +0 ring mail.
  2999 | D:4      | 2999 ||| UPGRADING to amulet of the acrobat.
  3004 | D:4      | 3004 ||| READING scroll labelled HAPOUV TIJUNO.
  3004 | D:4      | 3004 ||| ENCHANTING +0 shortbow.
  3005 | D:4      | 3005 ||| READING scroll labelled TYHIRU SIAF UVO.
  3005 | D:4      | 3005 ||| PLANNING D:1-11
  3005 | D:4      | 3005 ||| PLANNING D:1-11
  3005 | D:4      | 3005 ||| PLANNING D:1-11
  3005 | D:4      | 3005 ||| READING scroll labelled SEPIORO NAPE.
  3006 | D:4      | 3006 ||| READING scroll labelled UCRERGH JAOCAONT.
  3139 | D:5      | Entered Level 5 of the Dungeon
  3150 | D:5      | Reached XP level 6. HP: 38/38 MP: 6/6
  3185 | D:5      | 3185 ||| Stepping ~*~*~tactically~*~*~ (retreating).
  3186 | D:5      | 3186 ||| Stepping ~*~*~tactically~*~*~ (retreating).
  3187 | D:5      | 3187 ||| Stepping ~*~*~tactically~*~*~ (retreating).
  3189 | D:5      | 3189 ||| Stepping ~*~*~tactically~*~*~ (retreating).
  3190 | D:5      | 3190 ||| Stepping ~*~*~tactically~*~*~ (retreating).
  3191 | D:5      | 3191 ||| Stepping ~*~*~tactically~*~*~ (retreating).
  3193 | D:5      | 3193 ||| Stepping ~*~*~tactically~*~*~ (retreating).
  3194 | D:5      | 3194 ||| Stepping ~*~*~tactically~*~*~ (retreating).
  3195 | D:5      | 3195 ||| Stepping ~*~*~tactically~*~*~ (retreating).
  3197 | D:5      | 3197 ||| Stepping ~*~*~tactically~*~*~ (retreating).
  3198 | D:5      | 3198 ||| Stepping ~*~*~tactically~*~*~ (retreating).
  3199 | D:5      | 3199 ||| Stepping ~*~*~tactically~*~*~ (retreating).
  3205 | D:5      | 3205 ||| Stepping ~*~*~tactically~*~*~ (retreating).
  3206 | D:5      | 3206 ||| Stepping ~*~*~tactically~*~*~ (retreating).
  3208 | D:5      | 3208 ||| Stepping ~*~*~tactically~*~*~ (retreating).
  3217 | D:5      | HP: 9/38 [gnoll/+0 spear[a gnoll bouda] (1)]
  3218 | D:5      | 3218 ||| READING 2 scrolls of teleportation.
  3218 | D:5      | HP: 4/38 [gnoll/+0 spear[a gnoll bouda] (1)]
  3221 | D:5      | 3221 ||| READING scroll of teleportation.
  3225 | D:5      | Noticed an ice beast
  3228 | D:5      | HP: 6/38 [hound (1)]
  3230 | D:5      | Noticed an ice beast
  3235 | D:5      | HP: 6/38 [ice beast (2)]
  3241 | D:5      | Killed an ice beast
  3242 | D:5      | Reached skill level 7 in Ranged Weapons
  3256 | D:5      | Killed an ice beast
  3257 | D:5      | Reached XP level 7. HP: 11/43 MP: 7/7
  3268 | D:5      | HP: 7/43 [scorpion (5)]
  3438 | D:5      | Reached skill level 8 in Ranged Weapons
  3633 | D:5      | HP: 11/44 [ice beast (3)]
  3774 | D:5      | Found a staircase to the Ecumenical Temple.
  3775 | D:5      | 3775 ||| PLANNING TEMPLE
  3775 | D:5      | 3775 ||| READING scroll of identify.
  3775 | D:5      | 3775 ||| IDENTIFYING scroll labelled ZUPOPUGHAL
  3775 | D:5      | Identified a scroll of acquirement
  3776 | D:5      | 3776 ||| READING scroll of acquirement.
  3776 | D:5      | 3776 ||| 3776 ||| Offered ring of fire
  3776 | D:5      | 3776 ||| 3776 ||| Offered staff "Xuokyl" {^Contam ^Fragile
                  | Int+5 SInv Earth}
  3776 | D:5      | 3776 ||| 3776 ||| Offered +7 shortbow "Ramugg" {drain,
                  | *Corrode rElec Int+4 Stlth+}
  3776 | D:5      | 3776 ||| 3776 ||| Offered 868 gold pieces
  3776 | D:5      | 3776 ||| ACQUIRING +7 shortbow "Ramugg" {drain, *Corrode
                  | rElec Int+4 Stlth+}
  3776 | D:5      | Acquired the +7 shortbow "Ramugg" {drain, *Corrode rElec
                  | Int+4 Stlth+}
  3778 | D:5      | 3778 ||| SWAPPING to +7 shortbow "Ramugg" {drain, *Corrode
                  | rElec Int+4 Stlth+}.
  3779 | D:5      | 3779 ||| DROPPING +1 shortbow.
  3787 | Temple   | Entered the Ecumenical Temple
  3788 | Temple   | 3788 ||| PLANNING OKAWARU WORSHIP
  3813 | Temple   | Became a worshipper of Warmaster Okawaru
  3814 | Temple   | 3814 ||| PLANNING D:1-11
  4039 | D:5      | 4039 ||| READING scroll labelled BOCITU YPTIBRA.
  4061 | D:6      | Reached XP level 8. HP: 49/49 MP: 8/8
  4105 | D:6      | 4105 ||| SWAPPING to +0 orcbow.
  4106 | D:6      | 4106 ||| DROPPING +7 shortbow "Ramugg" {drain, *Corrode
                  | rElec Int+4 Stlth+}.
  4424 | D:6      | Reached skill level 9 in Ranged Weapons
  4478 | D:6      | 4478 ||| RETREEAATING.
  4479 | D:6      | 4479 ||| Stepping ~*~*~tactically~*~*~ (retreating).
  4481 | D:6      | 4481 ||| STILL RETREEAATING.
  4482 | D:6      | 4482 ||| Stepping ~*~*~tactically~*~*~ (retreating).
  4483 | D:6      | 4483 ||| Stepping ~*~*~tactically~*~*~ (retreating).
  4484 | D:6      | 4484 ||| Stepping ~*~*~tactically~*~*~ (retreating).
  4496 | D:6      | Reached skill level 6 in Fighting
  4509 | D:6      | HP: 11/51 [killer bee (3)]
  4510 | D:6      | 4510 ||| DRINKING potion of heal wounds.
  4512 | D:6      | Reached * piety under Okawaru
  4570 | D:6      | Found a runed translucent door.
  4574 | D:6      | Noticed qw's ghost (novice GrHu)
  4671 | D:6      | Reached skill level 1 in Invocations
  4868 | D:6      | Reached skill level 3 in Invocations
  4868 | D:6      | Reached XP level 9. HP: 55/55 MP: 11/11
  5320 | D:6      | 5320 ||| READING scroll of identify.
  5320 | D:6      | 5320 ||| IDENTIFYING orange potion
  5321 | D:6      | 5321 ||| READING scroll labelled UGEBLOUCOE.
  5322 | D:6      | 5322 ||| DROPPING wand of flame (7).
  5341 | D:7      | 5341 ||| STAIRDANCE
  5415 | D:7      | Reached ** piety under Okawaru
  5416 | D:7      | Reached skill level 10 in Ranged Weapons
  5486 | D:7      | 5486 ||| Stepping ~*~*~tactically~*~*~ (retreating).
  5489 | D:7      | 5489 ||| FLEEEEING.
  5490 | D:7      | 5490 ||| FLEEEEING.
  5491 | D:7      | 5491 ||| FLEEEEING.
  5492 | D:7      | 5492 ||| FLEEEEING.
  5493 | D:7      | 5493 ||| FLEEEEING.
  5494 | D:7      | 5494 ||| FLEEEEING.
  5495 | D:7      | 5495 ||| FLEEEEING.
  5496 | D:7      | 5496 ||| FLEEEEING.
  5500 | D:7      | 5500 ||| FLEEEEING.
  5501 | D:7      | 5501 ||| FLEEEEING.
  5502 | D:7      | 5502 ||| FLEEEEING.
  5503 | D:7      | 5503 ||| FLEEEEING.
  5504 | D:7      | 5504 ||| FLEEEEING.
  5709 | D:7      | Noticed a hornet
  5727 | D:7      | HP: 14/57 [hornet (8)]
  5729 | D:7      | Killed a hornet
  6054 | D:7      | Found a basalt altar of Yredelemnul.
  6138 | D:7      | 6138 ||| DROPPING ring of wizardry.
  6139 | D:7      | 6139 ||| READING scroll of identify.
  6139 | D:7      | 6139 ||| IDENTIFYING metallic blue potion
  6140 | D:7      | 6140 ||| READING 3 scrolls labelled NUAKEAHATU.
  6141 | D:7      | 6141 ||| DRINKING 2 dark potions.
  6142 | D:7      | 6142 ||| DROPPING potion of ambrosia.
  6143 | D:7      | 6143 ||| DROPPING 2 scrolls of summoning.
  6144 | D:7      | 6144 ||| DROPPING potion of degeneration.
  6238 | D:8      | Found a shimmering blue altar of Sif Muna.
  6258 | D:8      | 6258 ||| FLEEEEING.
  6259 | D:8      | 6259 ||| FLEEEEING.
  6260 | D:8      | 6260 ||| FLEEEEING.
  6261 | D:8      | 6261 ||| FLEEEEING.
  6262 | D:8      | 6262 ||| FLEEEEING.
  6270 | D:8      | 6270 ||| FLEEEEING.
  6271 | D:8      | 6271 ||| FLEEEEING.
  6272 | D:8      | 6272 ||| FLEEEEING.
  6273 | D:8      | 6273 ||| FLEEEEING.
  6274 | D:8      | 6274 ||| FLEEEEING.
  6275 | D:8      | 6275 ||| FLEEEEING.
  6276 | D:8      | 6276 ||| FLEEEEING.
  6277 | D:8      | 6277 ||| FLEEEEING.
  6278 | D:8      | 6278 ||| FLEEEEING.
  6279 | D:8      | 6279 ||| FLEEEEING.
  6284 | D:8      | 6284 ||| FLEEEEING.
  6297 | D:8      | 6297 ||| FLEEEEING.
  6298 | D:8      | 6298 ||| STAIRDANCE
  6352 | D:7      | 6352 ||| UPGRADING to +0 pair of gloves.
  6357 | D:7      | 6357 ||| READING scroll of enchant armour.
  6357 | D:7      | 6357 ||| ENCHANTING +0 pair of gloves.
  6358 | D:7      | 6358 ||| READING scroll of identify.
  6358 | D:7      | 6358 ||| IDENTIFYING puce potion
  6362 | D:8      | 6362 ||| STAIRDANCE
  6408 | D:8      | 6408 ||| STAIRDANCE
  6479 | D:8      | Noticed a tengu warrior
  6501 | D:8      | Killed a tengu warrior
  6501 | D:8      | Reached *** piety under Okawaru
  6502 | D:8      | Reached skill level 11 in Ranged Weapons
  6502 | D:8      | Reached XP level 10. HP: 37/63 MP: 13/13
  6595 | D:8      | 6595 ||| FLEEEEING.
  6626 | D:8      | Reached **** piety under Okawaru
  6627 | D:8      | 6627 ||| FLEEEEING.
  6657 | D:8      | 6657 ||| FLEEEEING.
  6688 | D:8      | Reached skill level 3 in Armour
  6698 | D:8      | 6698 ||| PLANNING D:1-11
  6741 | D:8      | 6741 ||| FLEEEEING.
  7008 | D:8      | Reached skill level 3 in Dodging
  7100 | D:8      | Noticed a two-headed ogre
  7112 | D:8      | Killed a two-headed ogre
  7112 | D:8      | Reached ***** piety under Okawaru
  7113 | D:8      | Reached skill level 6 in Invocations
  7180 | D:8      | 7180 ||| FLEEEEING.
  7181 | D:8      | 7181 ||| FLEEEEING.
  7184 | D:8      | 7184 ||| FLEEEEING.
  7297 | D:8      | Reached skill level 12 in Ranged Weapons
  7684 | D:8      | 7684 ||| UPGRADING to +6 ring of dexterity.
  7686 | D:8      | 7686 ||| DROPPING ring of positive energy.
  7687 | D:8      | 7687 ||| READING 2 scrolls of identify.
  7687 | D:8      | 7687 ||| IDENTIFYING golden potion
  7688 | D:8      | 7688 ||| READING scroll of identify.
  7688 | D:8      | 7688 ||| IDENTIFYING smoky black potion
  7689 | D:8      | 7689 ||| READING scroll labelled FURHOA OWEC.
  7689 | D:8      | 7689 ||| BRANDING +0 orcbow.
  7690 | D:8      | 7690 ||| DRINKING 2 green potions.
  7691 | D:8      | 7691 ||| DROPPING potion of invisibility.
  7770 | D:9      | 7770 ||| RETREEAATING.
  7773 | D:9      | 7773 ||| FLEEEEING.
  7774 | D:9      | 7774 ||| STILL RETREEAATING.
  7775 | D:9      | 7775 ||| STILL RETREEAATING.
  7776 | D:9      | 7776 ||| FLEEEEING.
  7777 | D:9      | 7777 ||| FLEEEEING.
  7779 | D:9      | 7779 ||| Stepping ~*~*~tactically~*~*~ (retreating).
  7780 | D:9      | 7780 ||| Stepping ~*~*~tactically~*~*~ (retreating).
  7792 | D:9      | Received a gift from Okawaru
  7984 | D:9      | 7984 ||| Stepping ~*~*~tactically~*~*~ (retreating).
  8263 | D:9      | Found a staircase to the Lair.
  8293 | D:9      | Reached XP level 11. HP: 68/68 MP: 16/16
  8755 | D:9      | Found a hazy altar of Hepliaklqana.
  8908 | D:9      | 8908 ||| PLANNING LAIR
  8908 | D:9      | 8908 ||| UPGRADING to +1 hat.
  8913 | D:9      | 8913 ||| UPGRADING to +1 hat of willpower.
  8923 | D:9      | 8923 ||| DROPPING +1 hat.
  8924 | D:9      | 8924 ||| READING scroll labelled ZODWUT YWKEC.
  8925 | D:9      | 8925 ||| DRINKING 2 grey potions.
  9030 | D:9      | 9030 ||| DROPPING potion of berserk rage.
  9090 | Lair:1   | Entered Level 1 of the Lair of Beasts
  9135 | Lair:1   | 9135 ||| READING scroll of enchant armour.
  9135 | Lair:1   | 9135 ||| ENCHANTING +1 pair of gloves.
  9470 | Lair:1   | 9470 ||| READING 2 scrolls of enchant armour.
  9470 | Lair:1   | 9470 ||| ENCHANTING +1 hat of willpower.
  9733 | Lair:1   | Found a stormy altar of Qazlal.
 10255 | Lair:1   | 10255 ||| READING 2 scrolls of identify.
 10255 | Lair:1   | 10255 ||| IDENTIFYING scroll labelled ECOTEL OHOYXKEUS
 10256 | Lair:1   | 10256 ||| DROPPING scroll of torment.
 10296 | Lair:2   | Noticed a skyshark
 10301 | Lair:2   | 10301 ||| STAIRDANCE
 10303 | Lair:1   | Killed a skyshark
 10310 | Lair:1   | 10310 ||| Stepping ~*~*~tactically~*~*~ (retreating).
 10311 | Lair:1   | 10311 ||| Stepping ~*~*~tactically~*~*~ (retreating).
 10312 | Lair:1   | 10312 ||| Stepping ~*~*~tactically~*~*~ (retreating).
 10313 | Lair:1   | 10313 ||| Stepping ~*~*~tactically~*~*~ (retreating).
 10314 | Lair:1   | 10314 ||| RETREEAATING.
 10316 | Lair:1   | 10316 ||| Stepping ~*~*~tactically~*~*~ (retreating).
 10317 | Lair:1   | 10317 ||| Stepping ~*~*~tactically~*~*~ (retreating).
 10318 | Lair:1   | 10318 ||| RETREEAATING.
 10319 | Lair:1   | 10319 ||| STILL RETREEAATING.
 10320 | Lair:1   | 10320 ||| Stepping ~*~*~tactically~*~*~ (retreating).
 10321 | Lair:1   | 10321 ||| Stepping ~*~*~tactically~*~*~ (retreating).
 10323 | Lair:1   | Reached skill level 9 in Invocations
 10325 | Lair:1   | 10325 ||| Stepping ~*~*~tactically~*~*~ (retreating).
 10343 | Lair:1   | Reached skill level 13 in Ranged Weapons
 10346 | Lair:1   | 10346 ||| FLEEEEING.
 10347 | Lair:1   | 10347 ||| FLEEEEING.
 10352 | Lair:1   | 10352 ||| FLEEEEING.
 10353 | Lair:1   | 10353 ||| STAIRDANCE
 10435 | Lair:2   | 10435 ||| STAIRDANCE
 10529 | Lair:2   | Noticed a skyshark
 10534 | Lair:2   | Killed a skyshark
 10534 | Lair:2   | Received a gift from Okawaru
 10608 | Lair:2   | 10608 ||| RETREEAATING.
 10616 | Lair:2   | Reached skill level 9 in Fighting
 10686 | Lair:2   | 10686 ||| Stepping ~*~*~tactically~*~*~ (retreating).
 10687 | Lair:2   | 10687 ||| Stepping ~*~*~tactically~*~*~ (retreating).
 10688 | Lair:2   | 10688 ||| Stepping ~*~*~tactically~*~*~ (retreating).
 10689 | Lair:2   | 10689 ||| Stepping ~*~*~tactically~*~*~ (retreating).
 10690 | Lair:2   | 10690 ||| Stepping ~*~*~tactically~*~*~ (retreating).
 10794 | Lair:2   | Identified the +1 cloak of the Snake Pit {rF+ Str+3 Int+2}
 10802 | Lair:2   | Found a staircase to the Swamp.
 10802 | Lair:2   | Noticed an eleionoma
 10810 | Lair:2   | Killed an eleionoma
 10829 | Lair:2   | 10829 ||| RETREEAATING.
 10831 | Lair:2   | 10831 ||| STILL RETREEAATING.
 10832 | Lair:2   | 10832 ||| STILL RETREEAATING.
 10834 | Lair:2   | 10834 ||| STILL RETREEAATING.
 10835 | Lair:2   | 10835 ||| STILL RETREEAATING.
 10837 | Lair:2   | 10837 ||| Stepping ~*~*~tactically~*~*~ (retreating).
 10860 | Lair:2   | Received a gift from Okawaru
 10861 | Lair:2   | Reached ****** piety under Okawaru
 10890 | Lair:2   | Reached skill level 14 in Ranged Weapons
 10925 | Lair:2   | 10925 ||| INVOKING Receive Weapon.
 10925 | Lair:2   | 10925 ||| 10925 ||| Offered +2 longbow of freezing with
                  | value 3235
 10925 | Lair:2   | 10925 ||| 10925 ||| Offered +1 arbalest of Etzuseth
                  | {freeze, Will++} with value 3050.4545454545
 10925 | Lair:2   | 10925 ||| 10925 ||| Offered +2 orcbow "Diuss" {flame, rPois
                  | Will+ rCorr} with value 2935
 10925 | Lair:2   | 10925 ||| 10925 ||| Offered +6 orcbow "Dragonslayer"
                  | {antimagic, rN+} with value -1
 10925 | Lair:2   | 10925 ||| ACQUIRING +2 longbow of freezing
 10925 | Lair:2   | Acquired a +2 longbow of freezing
 10925 | Lair:2   | Received a gift from Okawaru
 10926 | Lair:2   | 10926 ||| INVOKING Receive Armour.
 10926 | Lair:2   | 10926 ||| 10926 ||| Offered +1 chain mail "Geupixt" {Str+6
                  | Dex-5} with value difference nil
 10926 | Lair:2   | 10926 ||| 10926 ||| Offered +7 chain mail "Epelus" {Str+3
                  | Int+3} with value difference nil
 10926 | Lair:2   | 10926 ||| 10926 ||| Offered +5 plate armour "Jodiril"
                  | {rCorr Int-5 Dex+3 SInv} with value difference nil
 10926 | Lair:2   | 10926 ||| 10926 ||| Offered +6 scale mail of Wathuo {rN+
                  | rCorr SInv} with value difference nil
 10926 | Lair:2   | 10926 ||| GAVE UP ACQUIRING OKAWARU ARMOUR
 10926 | Lair:2   | Acquired the +1 chain mail "Geupixt" {Str+6 Dex-5}
 10926 | Lair:2   | Received a gift from Okawaru
 10928 | Lair:2   | 10928 ||| SWAPPING to +2 longbow of freezing.
 10929 | Lair:2   | 10929 ||| DROPPING +0 heavy orcbow.
 10957 | Lair:2   | Reached XP level 12. HP: 64/76 MP: 19/19
 11149 | Lair:2   | 11149 ||| Stepping ~*~*~tactically~*~*~ (retreating).
 11230 | Lair:2   | 11230 ||| FLEEEEING.
 11328 | Lair:2   | 11328 ||| RETREEAATING.
 11329 | Lair:2   | 11329 ||| STILL RETREEAATING.
 11330 | Lair:2   | 11330 ||| Stepping ~*~*~tactically~*~*~ (retreating).
 11331 | Lair:2   | 11331 ||| Stepping ~*~*~tactically~*~*~ (retreating).
 11332 | Lair:2   | 11332 ||| Stepping ~*~*~tactically~*~*~ (retreating).
 11333 | Lair:2   | 11333 ||| Stepping ~*~*~tactically~*~*~ (retreating).
 11367 | Lair:2   | Noticed Gastronok
 11375 | Lair:2   | Killed Gastronok
 11375 | Lair:2   | Received a gift from Okawaru
 11418 | Lair:2   | 11418 ||| DRINKING potion of cancellation.
 11419 | Lair:2   | 11419 ||| UPGRADING to +1 cloak of the Snake Pit {rF+ Str+3
                  | Int+2}.
 11421 | Lair:2   | HP: 8/77 [oklob plant/splash of acid (20)]
 11423 | Lair:2   | Killed from afar by an oklob plant

Levels and vault maps discovered:
D:1:      spicycebolla_arrival_clurvy, layout_rooms, serial_shops, shop, shop,
          nicolae_shop_tiny_statue_garden, nicolae_shop_advertising_works
          [nicolae_subvault_shop_adworks], nicolae_shop_tiny_waterfront
D:2:      layout_loops_cross
D:3:      layout_basic
D:4:      layout_gridville, general_overflow_altar, grunt_dithmenos_smoke,
          mainiacjoe_overflow_small_starburst, zin_angel, trog_wizard,
          grunt_temple_overflow_diamond
D:5:      layout_rooms, minmay_temple_entry_junction
D:6:      layout_loops_corners, ebering_ghost_reflecting_pool
D:7:      layout_rooms, lemuel_crystal_altar
D:8:      cheibrodos_two_vegetables, layout_loops_ring,
          nicolae_sif_muna_condensation
D:9:      nicolae_cairo_tiling_very_big, layout_long_grid,
          nicolae_hepliaklqana_hippocampus, the_hattery
Temple:   chequers_temple_sunken
Lair:1:   layout_layer_cave, basic_altar, gammafunk_lair_bear_cave
Lair:2:   minmay_lair_oklob_chamber, layout_hall_layers,
          alex1729_swamp_entry_worm_eleionoma, infiniplex_staircase_pool_2,
          grunt_megastairs_3, uniq_gastronok

Skill      XL: |  1  2  3  4  5  6  7  8  9 10 11 12 |
---------------+-------------------------------------+-----
Armour         | 1 2 3 4 |  4.1
Ranged Weapons | 5 6 7 8 9 11 12 14 | 14.3
Fighting       | 3 4 5 6 7 8 9 10 | 10.0
Dodging        | 2 4 5 |  5.0
Invocations    | 3 4 7 10 | 10.0
Stealth        | |  1.1

Action                     |  1- 3 |  4- 6 |  7- 9 | 10-12 || total
---------------------------+-------+-------+-------+-------++-------
   Fire: Shortbow          |    98 |   227 |   110 |       ||   435
         Orcbow            |       |       |   258 |   392 ||   650
         Longbow           |       |       |       |    88 ||    88
 Invoke: Receive Weapon    |       |       |       |     1 ||     1
         Receive Armour    |       |       |       |     1 ||     1
    Use: Scroll            |     3 |     7 |     9 |     7 ||    26
         Potion            |     1 |     4 |     2 |     3 ||    10
 Armour: Ring mail         |    37 |   117 |   241 |   311 ||   706
         Leather armour    |     1 |       |       |       ||     1
         Skin              |       |     1 |       |       ||     1
  Dodge: Dodged            |    21 |   106 |   206 |   217 ||   550

Table legend:
 A = Non-vault XP
 B = Vault XP
 C = Vault XP percentage of total XP
 D = Non-vault monster count
 E = Vault monster count
 F = Vault count percentage of total count
                 A         B        C        D         E       F
            +---------+---------+-------+---------+---------+-------
      Total |   18651 |    5203 |  21.8 |     218 |      19 |   8.0
            +---------+---------+-------+---------+---------+-------
        D:1 |      22 |       0 |   0.0 |      12 |       0 |   0.0
        D:2 |      54 |       0 |   0.0 |      17 |       0 |   0.0
        D:3 |     142 |       0 |   0.0 |      22 |       0 |   0.0
        D:4 |      90 |       0 |   0.0 |      18 |       0 |   0.0
        D:5 |     888 |       0 |   0.0 |      24 |       0 |   0.0
        D:6 |    1401 |       0 |   0.0 |      21 |       0 |   0.0
        D:7 |    1376 |       0 |   0.0 |      15 |       0 |   0.0
        D:8 |    2393 |    1147 |  32.4 |      27 |       9 |  25.0
        D:9 |    1881 |     229 |  10.9 |      17 |       1 |   5.6
     Lair:1 |    3154 |     311 |   9.0 |      10 |       3 |  23.1
     Lair:2 |    7250 |    3516 |  32.7 |      35 |       6 |  14.6
            +---------+---------+-------+---------+---------+-------
